Map: Romanticide LE

Players

Alan - Winner!

  • Race: Protoss Protoss
  • League: Diamond

Osiris

  • Race: Terran Terran
  • League: Master

VOD

Have the link to the VOD?

Description

Time

  • Played on: May 9, 2021, 9:22 a.m.
  • Length: 10:22
Show
View Real Time Build Order
Export as new Build Order

Alan Protoss - Winner!

Build Orders: 1 Gate Expand 

Get SALT Encoding   

  12  0:00  Probe  
  13  0:12  Probe  
  14  0:18  Pylon  
  14  0:24  Probe  
  15  0:37  Probe, Gateway  
  16  0:49  Probe  
  17  1:08  Nexus  
  17  1:21  Probe  
  17  1:24  Cybernetics Core  
  18  1:27  Assimilator  
  18  1:33  Probe  
  19  1:41  Pylon  
  19  1:45  Probe  
  20  1:47  Assimilator  
  20  2:03  Probe (Chrono Boost)  
  21  2:12  Probe (Chrono Boost)  
  21  2:13  Stalker  
  23  2:20  Probe x2 (Chrono Boost)  
  23  2:21  Warp Gate (Chrono Boost)  
  27  2:30  Probe (Chrono Boost)  
  27  2:31  Probe (Chrono Boost)  
  28  2:37  Probe (Chrono Boost)  
  28  2:38  Probe (Chrono Boost)  
  28  2:41  Robotics Facility  
  28  2:43  Probe  
  29  2:48  Probe  
  31  2:52  Stalker  
  31  2:55  Probe  
  34  3:00  Probe  
  34  3:02  Shield Battery  
  35  3:07  Probe  
  35  3:12  Probe  
  37  3:13  Gateway  
  38  3:20  Probe  
  38  3:21  Pylon  
  38  3:24  Probe  
  38  3:25  Stalker  
  41  3:29  Observer  
  41  3:32  Probe  
  43  3:35  Assimilator  
  43  3:36  Probe  
  44  3:41  Robotics Bay  
  44  3:44  Probe  
  45  3:52  Probe  
  46  3:56  Probe  
  46  4:00  Observer  
  48  4:07  Probe  
  48  4:08  Probe, Nexus  
  50  4:12  Gateway  
  50  4:17  Pylon  
  50  4:19  Probe  
  50  4:23  Assimilator  
  51  4:26  Disruptor (Chrono Boost)  
  51  4:27  Gateway  
  54  4:32  Observer  
  54  4:34  Pylon  
  54  4:38  Twilight Council  
  54  4:42  Shield Battery  
  54  4:44  Probe  
  54  4:45  Probe  
  56  4:56  Disruptor  
  59  5:01  Pylon  
  59  5:06  Pylon, Gateway  
  59  5:08  Probe x2  
  59  5:13  Charge (Chrono Boost)  
  61  5:20  Probe (Chrono Boost)  
  61  5:21  Probe (Chrono Boost)  
  63  5:22  Forge  
  63  5:23  Forge  
  64  5:31  Probe (Chrono Boost), Extended Thermal Lance (Chrono Boost)  
  64  5:32  Probe (Chrono Boost)  
  64  5:33  Probe (Chrono Boost)  
  66  5:39  Probe (Chrono Boost)  
  66  5:40  Probe x2 (Chrono Boost)  
  69  5:48  Stalker x2  
  74  5:50  Probe  
  74  5:51  Probe  
  74  5:52  Probe  
  76  6:02  Protoss Ground Weapons Level 1 (Chrono Boost)  
  76  6:06  Stalker x3  
  76  6:07  Colossus (Chrono Boost), Protoss Ground Armor Level 1 (Chrono Boost)  
  88  6:17  Robotics Facility  
  88  6:19  Pylon  
  88  6:24  Assimilator, Probe x2  
  88  6:25  Assimilator  
  90  6:27  Probe  
  91  6:36  Probe x2  
  91  6:39  Probe  
  94  6:41  Stalker x3  
  94  6:42  Stalker  
  102  6:47  Pylon  
  102  6:57  Colossus (Chrono Boost), Shield Battery  
  108  7:04  Pylon  
  108  7:05  Blink  
  108  7:06  Pylon  
  95  7:24  Zealot x5  
  99  7:35  Colossus (Chrono Boost)  
  103  7:44  Probe  
  103  7:45  Pylon, Probe  
  103  7:48  Disruptor (Chrono Boost)  
  108  7:56  Zealot x4, Nexus  
  108  7:57  Zealot  
  118  8:01  Gateway  
  118  8:02  Gateway  
  118  8:06  Observer, Gateway  
  118  8:13  Gateway  
  118  8:17  Gateway  
  118  8:21  Gateway, Disruptor (Chrono Boost)  
  118  8:24  Stalker  
  123  8:30  Stalker x2  
  123  8:32  Stalker  
  129  8:39  Stalker  
  131  8:42  Warp Prism (Chrono Boost)  
  131  8:45  Gateway  
  133  8:49  Gateway  
  133  8:53  Pylon  
  133  8:57  Pylon x2  
  133  9:02  Observer  
  133  9:05  Zealot x3  
  139  9:18  Zealot x6  
  149  9:29  Observer  
  149  9:36  Stalker x5  
  159  9:38  Probe  
  159  9:39  Probe x3  
  163  9:51  Probe x3  
  155  10:16  Zealot x12  
  155  10:17  Zealot  
Show
View Real Time Build Order
Export as new Build Order

Osiris Terran 

Build Orders:  

Get SALT Encoding   

  12  0:00  SCV  
  13  0:12  SCV  
  14  0:16  Supply Depot  
  14  0:24  SCV  
  15  0:38  SCV  
  15  0:39  Barracks  
  16  0:43  Refinery  
  16  0:50  SCV  
  17  1:02  SCV  
  18  1:14  SCV  
  19  1:26  Orbital Command, Marine  
  20  1:42  Command Center  
  20  1:46  Marine  
  21  1:54  SCV  
  22  2:02  Supply Depot  
  22  2:05  Barracks Reactor  
  22  2:10  Factory  
  22  2:11  SCV  
  23  2:24  SCV  
  24  2:31  Bunker  
  24  2:35  Refinery  
  24  2:36  SCV  
  25  2:41  Marine x2  
  27  2:48  SCV  
  28  2:55  Starport  
  28  2:56  Hellion  
  30  2:59  Orbital Command  
  30  3:06  SCV  
  31  3:15  Marine  
  31  3:16  Marine  
  31  3:19  Factory Tech Lab  
  33  3:24  SCV  
  33  3:26  SCV  
  35  3:33  Marine x2  
  37  3:37  SCV  
  38  3:45  SCV  
  38  3:48  Raven  
  39  3:52  SCV, Factory Tech Lab  
  39  3:53  Marine x2  
  43  3:58  SCV  
  43  3:59  Supply Depot  
  44  4:03  Barracks  
  44  4:05  SCV  
  44  4:08  Barracks  
  45  4:12  SCV  
  46  4:20  Supply Depot  
  46  4:21  Siege Tank  
  46  4:24  SCV  
  50  4:25  Refinery, Engineering Bay, Marine x2  
  50  4:28  SCV  
  53  4:36  SCV  
  54  4:41  SCV  
  54  4:43  Supply Depot  
  55  4:48  SCV  
  55  4:50  Marine x2  
  58  4:53  SCV  
  59  5:00  SCV  
  59  5:02  Stimpack, Marine  
  59  5:06  SCV, Terran Infantry Weapons Level 1  
  62  5:12  Supply Depot  
  62  5:13  SCV  
  63  5:17  Marine x2  
  63  5:18  Combat Shield, Supply Depot, SCV  
  63  5:20  Starport Reactor  
  63  5:21  Factory Reactor  
  66  5:22  Marauder  
  66  5:23  Marauder  
  70  5:33  SCV x2  
  72  5:36  Refinery  
  72  5:37  Supply Depot  
  72  5:39  Marine  
  72  5:40  Marine  
  74  5:43  Marauder  
  74  5:44  Marauder  
  74  5:45  SCV  
  74  5:46  Supply Depot  
  74  5:47  SCV  
  80  5:57  SCV  
  80  5:59  Marine  
  80  6:00  Marine  
  80  6:01  Widow Mine x2, Medivac x2  
  80  6:02  SCV  
  90  6:08  Marauder x2  
  95  6:11  Supply Depot  
  95  6:12  Supply Depot  
  94  6:23  Command Center  
  94  6:26  Widow Mine x2, Marine  
  94  6:28  Marine  
  94  6:29  Marauder  
  102  6:33  Marauder  
  104  6:40  Concussive Shells  
  104  6:45  SCV x2  
  106  6:47  Barracks  
  106  6:48  Barracks  
  106  6:49  Supply Depot  
  106  6:52  Supply Depot  
  106  6:59  Marauder x2  
  106  7:00  Terran Infantry Armor Level 1  
  110  7:06  Marine x2  
  110  7:07  Widow Mine  
  110  7:08  Widow Mine  
  116  7:13  Supply Depot, SCV x2  
  114  7:22  Marauder x2  
  91  7:37  Barracks Tech Lab x2  
  91  7:38  Marine x2  
  91  7:39  Widow Mine x2  
  91  7:43  Marauder  
  99  7:44  Medivac x2  
  99  7:45  Marauder  
  105  7:53  SCV x2  
  105  7:57  Refinery  
  111  7:58  Marauder x2, Marine x2  
  111  8:05  Refinery, SCV  
  114  8:09  Marauder x2  
  114  8:12  Orbital Command  
  118  8:23  Engineering Bay  
  118  8:24  Armory  
  118  8:26  Viking  
  120  8:27  Viking  
  120  8:29  SCV  
  120  8:30  SCV  
  124  8:46  Marauder x3  
  124  8:47  Marauder, SCV x2  
  134  8:49  SCV  
  135  8:59  SCV  
  135  9:00  Supply Depot x2  
  135  9:02  Viking x2  
  140  9:06  Supply Depot  
  140  9:07  SCV x2  
  146  9:10  Marauder x4  
  148  9:35  Marauder  
  148  9:36  Viking x2, Marauder x2  
  158  9:40  Supply Depot  
  158  9:42  Supply Depot  
  158  9:43  SCV x3  
  161  9:46  Supply Depot  
Tags
 
Add a new tag
Caveats
  • Supply blocks, unpowered buildings, or Contaminate may cause inaccurate times.
  • Supply counts are checked every 10 seconds.